 Dungeon Crawl Stone Soup version 0.29.0-4-gdea44cf6ec (webtiles) character file.

Game seed: 10349684840231545991

65 qw the Chopper (level 4, -1/26 HPs)
             Began as a Tengu Warper on Aug 29, 2022.
             Slain by a quokka (3 damage)
             ... on level 2 of the Dungeon.
             The game lasted 00:00:10 (1801 turns).

qw the Chopper (Tengu Warper)                       Turns: 1801, Time: 00:00:10

Health: -1/26      AC:  9    Str: 13    XL:     4   Next: 14%
Magic:  8/8        EV:  6    Int: 13    God:
Gold:   6          SH:  0    Dex: 14    Spells: 7/7 levels left

rFire   . . .      SeeInvis .   Y - +1 hand axe
rCold   . . .      Faith    .   (no shield)
rNeg    . . .      Spirit   .   i - +0 chain mail
rPois   .          Reflect  .   (helmet restricted)
rElec   .          Harm     .   f - +0 cloak
rCorr   .          Rampage  .   (no gloves)
Will    .....                   (boots unavailable)
Stlth   ..........              (no amulet)
HPRegen 0.08/turn               (no ring)
MPRegen 0.11/turn               (no ring)

@: no status effects
A: beak, talons 3
a: no special abilities


You were on level 2 of the Dungeon.
You visited 1 branch of the dungeon, and saw 2 of its levels.

You collected 6 gold pieces.


Innate Abilities, Weirdness & Mutations

You have a beak for a mouth.
You have claws for feet.


   Skills:
 - Level 2.0 Fighting
 + Level 4.7 Axes
 - Level 1.0 Throwing
 - Level 1.1 Armour
 - Level 2.1 Dodging
 - Level 2.0 Spellcasting
 - Level 2.4 Translocations


You had 7 spell levels left.
You didn't know any spells.
Your spell library contained the following spells:

 Spells                   Type           Power      Damage    Failure   Level
 Blink                    Tloc           14%        N/A       99%         2
 Gell's Gravitas          Tloc           7%         N/A       100%        3
 Lesser Beckoning         Tloc           7%         N/A       100%        3
 Teleport Other           Tloc           7%         N/A       100%        3
 Manifold Assault         Tloc           7%         N/A       100%        5

Inventory:

Hand Weapons
 e - a +0 club
 j - a +0 mace
 Y - a +1 hand axe (weapon)
Armour
 f - a +0 cloak (worn)
 i - a +0 chain mail (worn)
Scrolls
 a - a scroll of immolation {unknown}
 b - a scroll of poison {unknown}
 c - a scroll of teleportation {unknown}
 d - a scroll of identify {unknown}
Potions
 g - a potion of brilliance {unknown}
 h - a potion of curing {unknown}

Dungeon Overview and Level Annotations

Branches:
Dungeon (2/15)

Altars:


Message History

You hit the gnoll.
You kill the gnoll!
You have reached level 4!
You feel agile.
You closely miss the rat. You claw the rat, but do no damage.
The rat bites you but does no damage.
You hit the rat.
You kill the rat!
The quokka bites you but does no damage.
You hit the quokka. Your peck misses the quokka.
The quokka is heavily wounded.
The quokka bites you but does no damage.
You hit the quokka. Your kick misses the quokka.
The quokka is severely wounded.
The quokka bites you but does no damage.
You closely miss the quokka. You claw the quokka.
You kill the quokka!
The bat hits you but does no damage. The bat barely misses you.
You miss the bat. Your kick misses the bat. You peck the bat.
The bat is heavily wounded.
The bat hits you. x2
You slash the bat!
You kill the bat!
You barely miss the giant cockroach.
The giant cockroach bites you but does no damage.
You hit the giant cockroach. Your peck misses the giant cockroach.
The giant cockroach is almost dead.
The giant cockroach bites you but does no damage.
You closely miss the giant cockroach. Your kick misses the giant cockroach.
Your peck misses the giant cockroach.
The giant cockroach is almost dead.
The giant cockroach barely misses you.
The giant cockroach bites you but does no damage.
You hit the giant cockroach.
You kill the giant cockroach!
You slash the frilled lizard!
You kill the frilled lizard!
You hit the quokka but do no damage. Your kick misses the quokka.
The quokka bites you. x2
You die...

### ##!$ #... #$..
#.. ### #r###.##
#@'...# #.[$%###.## #
#...?)#.#'#..#
#(?..!#.....#
#[?.[.#.#############
..##.$$##..#
#.......##
#.#####..##
#.#......# #......##
#.#.###..## ###....#
#.#.###....


You could see a quokka.

Vanquished Creatures
  A gnoll (D:2)
  An adder (D:2)
  2 worms (D:2)
  7 endoplasms
  2 giant cockroaches
  A goblin (D:2)
  4 hobgoblins
  3 jackals (D:1)
  3 quokkas
  3 ball pythons (D:1)
  2 bats (D:2)
  5 frilled lizards
  3 kobolds (D:1)
  2 rats
39 creatures vanquished.

Notes
Turn   | Place    | Note
-------+----------+-------------------------------------------
     0 | D:1      | qw the Tengu Warper began the quest for the Orb.
     0 | D:1      | Reached XP level 1. HP: 12/12 MP: 4/4
     0 | D:1      | 0 ||| qw: Version: 0.1-a-89-g26bdef1
     0 | D:1      | 0 ||| qw: Game counter: 3436
     0 | D:1      | 0 ||| qw: Always use a shield: true
     0 | D:1      | 0 ||| qw: God list: Okawaru
     0 | D:1      | 0 ||| qw: Allow faded altars: false
     0 | D:1      | 0 ||| qw: Do Orc after D:15 true
     0 | D:1      | 0 ||| qw: Do second Lair branch before Depths: true
     0 | D:1      | 0 ||| qw: Lair rune preference: random
     0 | D:1      | 0 ||| qw: Plans: Normal
     0 | D:1      | 0 ||| PLANNING D:1-11
    78 | D:1      | 78 ||| Stepping ~*~*~tactically~*~*~ (stealth).
    81 | D:1      | 81 ||| Stepping ~*~*~tactically~*~*~ (stealth).
   235 | D:1      | Reached skill level 3 in Axes
   235 | D:1      | Reached XP level 2. HP: 12/17 MP: 6/6
   479 | D:1      | 479 ||| Stepping ~*~*~tactically~*~*~ (stealth).
   488 | D:1      | 488 ||| Stepping ~*~*~tactically~*~*~ (stealth).
   492 | D:1      | 492 ||| Stepping ~*~*~tactically~*~*~ (stealth).
   501 | D:1      | 501 ||| Stepping ~*~*~tactically~*~*~ (stealth).
   503 | D:1      | 503 ||| Stepping ~*~*~tactically~*~*~ (stealth).
   507 | D:1      | 507 ||| Stepping ~*~*~tactically~*~*~ (stealth).
   508 | D:1      | 508 ||| Stepping ~*~*~tactically~*~*~ (stealth).
   570 | D:1      | 570 ||| Stepping ~*~*~tactically~*~*~ (stealth).
  1152 | D:1      | Reached XP level 3. HP: 18/21 MP: 7/7
  1352 | D:1      | 1352 ||| UPGRADING to +0 cloak.
  1357 | D:1      | 1357 ||| UPGRADING to +0 chain mail.
  1367 | D:1      | 1367 ||| DROPPING +0 leather armour.
  1368 | D:1      | 1368 ||| READING scroll labelled MASCHI MIUGUSMOVE.
  1369 | D:1      | 1369 ||| DRINKING 2 puce potions.
  1370 | D:1      | 1370 ||| DRINKING 2 purple potions.
  1421 | D:1      | 1421 ||| DROPPING scroll of blinking.
  1422 | D:1      | 1422 ||| DROPPING potion of flight.
  1423 | D:1      | 1423 ||| DROPPING potion of lignification.
  1448 | D:2      | 1448 ||| Stepping ~*~*~tactically~*~*~ (stealth).
  1454 | D:2      | Reached skill level 4 in Axes
  1462 | D:2      | 1462 ||| FLEEEEING.
  1463 | D:2      | 1463 ||| FLEEEEING.
  1464 | D:2      | 1464 ||| FLEEEEING.
  1465 | D:2      | 1465 ||| FLEEEEING.
  1466 | D:2      | 1466 ||| STAIRDANCE
  1529 | D:2      | 1529 ||| STAIRDANCE
  1565 | D:2      | 1565 ||| Stepping ~*~*~tactically~*~*~ (hiding).
  1771 | D:2      | 1771 ||| Stepping ~*~*~tactically~*~*~ (stealth).
  1780 | D:2      | HP: 4/21 [gnoll/+0 spear (7)]
  1785 | D:2      | HP: 4/21 [gnoll/+0 spear (1)]
  1787 | D:2      | Reached XP level 4. HP: 5/26 MP: 8/8
  1793 | D:2      | HP: 4/26 [bat (1)]
  1801 | D:2      | HP: 2/26 [quokka (2)]
  1801 | D:2      | Slain by a quokka

Levels and vault maps discovered:
D:1:      lightli_arrival_statue_moat, layout_basic
D:2:      layout_loops_corners, minmay_joined_circles

Skill      XL: |  1  2  3 |
---------------+----------+-----
Axes           | 3 4 |  4.7
Fighting       | |  2.0
Throwing       | |  1.0
Armour         | |  1.1
Dodging        | |  2.1
Spellcasting   | |  2.0
Translocations | |  2.4

Action                   |  1- 3 |  4- 6 || total
-------------------------+-------+-------++-------
Melee: Hand axe          |    92 |    13 ||   105
       Kick              |    24 |     2 ||    26
       Peck              |    15 |     1 ||    16
       Punch             |     1 |       ||     1
Throw: Boomerang         |     7 |       ||     7
  Use: Potion            |     2 |       ||     2
       Scroll            |     1 |       ||     1
Armor: Leather armour    |     8 |       ||     8
       Chain mail        |    15 |     8 ||    23
Dodge: Dodged            |    34 |     2 ||    36

Table legend:
 A = Non-vault XP
 B = Vault XP
 C = Vault XP percentage of total XP
 D = Non-vault monster count
 E = Vault monster count
 F = Vault count percentage of total count
                 A         B        C        D         E       F
            +---------+---------+-------+---------+---------+-------
      Total |      62 |      32 |  34.0 |      29 |      10 |  25.6
            +---------+---------+-------+---------+---------+-------
        D:1 |      38 |       0 |   0.0 |      24 |       0 |   0.0
        D:2 |      24 |      32 |  57.1 |       5 |      10 |  66.7
            +---------+---------+-------+---------+---------+-------
